 Dungeon Crawl Stone Soup version 0.24.0 (webtiles) character file.

Game seed: 942555512746595697, levelgen mode: deterministic

57 Mrkan the Chopper (level 3, -2/33 HPs)
             Began as a Draconian Berserker on Oct 25, 2019.
             Was a Believer of Trog.
             Killed from afar by an orc wizard (5 damage)
             ... with a magic dart
             ... on level 3 of the Dungeon.
             The game lasted 00:02:00 (1432 turns).

Mrkan the Chopper (Draconian Berserker)             Turns: 1432, Time: 00:02:01

Health: -2/33      AC:  5    Str: 20    XL:     3   Next: 73%
Magic:  3/3        EV: 12    Int:  7    God:    Trog [**....]
Gold:   162        SH:  0    Dex: 10    Spells: 2/2 levels left

rFire    . . .     SeeInvis .   a - +0 hand axe
rCold    . . .     Gourm    .   (no shield)
rNeg     . . .     Faith    .   (armour unavailable)
rPois    .         Spirit   .   (helmet restricted)
rElec    .         Reflect  .   (no cloak)
rCorr    .         Harm     .   (no gloves)
MR       .....                  (no boots)
Stlth    +.........             (no amulet)
HPRegen  0.11/turn              (no ring)
MPRegen  0.08/turn              (no ring)

@: slowed, very slow
A: unfitting armour, cold-blooded, AC +5
a: Berserk, Trog's Hand, Renounce Religion


You were on level 3 of the Dungeon.
You worshipped Trog.
Trog was pleased with you.
You were hungry.

You visited 1 branch of the dungeon, and saw 3 of its levels.

You collected 162 gold pieces.

Inventory:

Hand Weapons
 a - a +0 hand axe (weapon)
 o - a +2 war axe of flaming
Jewellery
 j - an uncursed ring of protection from magic {unknown}
 p - an uncursed ring of poison resistance {unknown}
Scrolls
 e - 2 scrolls of identify {unknown}
 f - a scroll of fear {unknown}
 i - a scroll of teleportation {unknown}
 n - a scroll of remove curse {unknown}
 q - a scroll of fog {unknown}
 t - a scroll of enchant armour {unknown}
Potions
 c - a potion of lignification {unknown}
 d - 2 potions of curing {unknown}
 g - a potion of agility {unknown}
 h - a potion of haste {unknown}
 k - a potion of flight {unknown}
 l - a potion of might {unknown}
 r - 2 potions of berserk rage {unknown}
 s - a potion of mutation {unknown}
Comestibles
 b - 3 rations


   Skills:
 + Level 4.0 Fighting
 * Level 4.2 Axes
 - Level 2.6 Dodging


You had 2 spell levels left.
You didn't know any spells.
Your spell library was empty.

Dungeon Overview and Level Annotations

Branches:
Dungeon (3/15)

Altars:


Innate Abilities, Weirdness & Mutations

Your plain brown scales are hard. (AC +5)
You cannot fit into any form of body armour.
You are cold-blooded and may be slowed by cold attacks.


Message History

The orc wizard blinks!
Okay, then.
You hit the rat but do no damage. The rat bites you but does no damage.
You slash the rat!
You kill the rat!
Trog accepts your kill.
Items here: ( )) †† a +3 war axe of flaming; a +0 short sword; 5 boomerangs; an orc corpse x2
The orc wizard points at you and mumbles some strange words.
You feel yourself slow down.
You closely miss the orc wizard.
The orc wizard hits you with a +0 dagger.
* * * LOW HITPOINT WARNING * * *
You closely miss the orc wizard.
The orc wizard gestures at you while chanting.
The magic dart hits you!
* * * LOW HITPOINT WARNING * * *
The orc wizard gestures at you while chanting.
The magic dart hits you.
You die...

.#..#..#
......####
#..#....##
#..#..#.....#
#.........<.#
##.###.#...#
#.#####
###)#####
#..@....#
#..o....#
#.........#
##........#
#........#
#..........
#........###
#........#


You could see an orc wizard.

Vanquished Creatures
  2 worms (D:2)
  3 dart slugs
  2 orcs (D:3)
  A giant cockroach (D:1)
  2 goblins
  6 hobgoblins
  5 jackals
  2 quokkas (D:2)
  2 bats
  5 frilled lizards
  7 kobolds
  6 rats
43 creatures vanquished.

Notes
Turn   | Place    | Note
-------+----------+-------------------------------------------
     0 | D:1      | Mrkan the Draconian Berserker began the quest for the Orb.
     0 | D:1      | Reached XP level 1. HP: 19/19 MP: 1/1
    55 | D:1      | Reached XP level 2. HP: 19/26 MP: 2/2
   747 | D:2      | Reached XP level 3. HP: 32/33 MP: 3/3
   905 | D:2      | Reached ** piety under Trog
  1432 | D:3      | Killed from afar by an orc wizard

Levels and vault maps discovered:
D:1:      evilmike_arrival_hilbert_curve, layout_basic
D:2:      layout_loops_cross, kennysheep_small_spiral
D:3:      layout_basic, gammafunk_temple_overflow_pools, gammafunk_ghost_smash,
          cheibrodos_ashenzari_chains, uniq_natasha
